 Dungeon Crawl Stone Soup version 0.27-a0-951-gae3e1deef5 (webtiles) character file.

Game seed: 4588768347123306450

13 polve the Skirmisher (level 2, 0/24 HPs)
             Began as a Demonspawn Abyssal Knight on Apr 11, 2021.
             Was an Initiate of Lugonu.
             Slain by a quokka (3 damage)
             ... on level 1 of the Dungeon.
             The game lasted 00:00:45 (481 turns).

polve the Skirmisher (Demonspawn Abyssal Knight)     Turns: 481, Time: 00:00:46

Health: 0/24       AC:  3    Str: 12    XL:     2   Next: 24%
Magic:  3/3        EV: 11    Int: 13    God:    Lugonu [......]
Gold:   49         SH:  0    Dex: 12    Spells: 1/1 levels left

rFire    . . .     SeeInvis .   a - +1 short sword
rCold    . . .     Faith    .   (no shield)
rNeg     . . .     Spirit   .   b - +0 leather armour
rPois    .         Reflect  .   (no helmet)
rElec    .         Harm     .   (no cloak)
rCorr    .         Rampage  .   (no gloves)
Will     .....                  (no boots)
Stlth    +.........             (no amulet)
HPRegen  0.08/turn              (no ring)
MPRegen  0.08/turn              (no ring)

@: no status effects
A: demonic guardian 1
a: Renounce Religion


You were on level 1 of the Dungeon.
You worshipped Lugonu.
Lugonu was noncommittal.
You visited 1 branch of the dungeon, and saw 1 of its levels.
You visited the Abyss 1 time.

You collected 49 gold pieces.

Inventory:

Hand Weapons
 a - a +1 short sword (weapon)
Armour
 b - a +0 leather armour (worn)


   Skills:
 - Level 3.0 Fighting
 + Level 2.7 Short Blades
 - Level 1.7 Armour
 - Level 0.8 Dodging
 - Level 2.4 Invocations


You had one spell level left.
You didn't know any spells.
Your spell library was empty.

Dungeon Overview and Level Annotations

Branches:
Dungeon (1/15)

Altars:


Innate Abilities, Weirdness & Mutations

A weak demonic guardian rushes to your aid.


Message History

You hit the goblin.
You kill the goblin!
Lugonu accepts your kill. The rat bites you.
* * * LOW HITPOINT WARNING * * *
Things that are here:
a +0 dagger; a goblin corpse You closely miss the rat.
The rat bites you.
* * * LOW HITPOINT WARNING * * *
A demonic guardian appears!
You hit the rat.
You kill the rat!
Lugonu accepts your kill. The hobgoblin hits you.
* * * LOW HITPOINT WARNING * * *
The hobgoblin hits your iron imp.
Your iron imp barely misses the hobgoblin.
The hobgoblin barely misses your iron imp.
The hobgoblin hits your iron imp but does no damage.
Your iron imp hits the hobgoblin!
The hobgoblin dies!
Lugonu accepts your kill.
You start resting.
Your iron imp hits the hobgoblin!
The hobgoblin dies!
Lugonu accepts your kill. The quokka barely misses your iron imp.
The quokka bites your iron imp but does no damage.
Your iron imp barely misses the quokka.
The quokka bites your iron imp. The quokka barely misses your iron imp.
Your iron imp closely misses the quokka.
The quokka bites your iron imp.
Your iron imp disappears in a puff of smoke!
You hit the quokka.
The quokka is moderately wounded.
The quokka misses you. The quokka closely misses you.
You barely miss the quokka.
The quokka is moderately wounded.
The quokka bites you.
You die...

#...##.......# #
##...###......# #
#8...8##..#...#
##...##..##..##
#..........## ###....†....##
# #..........#
.##.##########...##†#...####
.........gr@...#.#..#.......
.........######.......#(....
.......†.# #......########..
........5###r.....# ##.
.........)g†g###### .
############## . . #


You could see a quokka and a goblin.

Vanquished Creatures
  A dart slug (D:1)
  A ball python (D:1)
  A giant cockroach (D:1)
  2 goblins (D:1)
  A bat (D:1)
  3 rats (D:1)
9 creatures vanquished.

Vanquished Creatures (collateral kills)
  2 hobgoblins (D:1)
2 creatures vanquished.

Grand Total: 11 creatures vanquished

Notes
Turn   | Place    | Note
-------+----------+-------------------------------------------
     0 | Abyss:1  | polve the Demonspawn Abyssal Knight began the quest for the
                  | Orb.
     0 | Abyss:1  | Reached XP level 1. HP: 18/18 MP: 2/2
    80 | Abyss:1  | Noticed a large abomination
    91 | Abyss:1  | Noticed a deep elf sorcerer
    94 | D:1      | Escaped the Abyss
   449 | D:1      | Gained mutation: A weak demonic guardian rushes to your
                  | aid. [demonic ancestry]
   449 | D:1      | Reached XP level 2. HP: 15/24 MP: 3/3
   481 | D:1      | Slain by a quokka

Illustrated notes

Levels and vault maps discovered:
D:1:      dpeg_arrival_connections, layout_rooms, serial_corexii_hall,
          chequers_hall_statues_wall_a, corexii_hall_statues_t

Skill      XL: |  1 |
---------------+----+-----
Short Blades   | 2 |  2.7
Fighting       | |  3.0
Armour         | |  1.7
Dodging        | |  0.8
Invocations    | |  2.4

Action                   || total
-------------------------++-------
Melee: Short sword       ||    41
Invok: Depart the Abyss  ||     1
Armor: Leather armour    ||    14
Dodge: Dodged            ||    25

Table legend: (Time is in decaauts)
 A = Elapsed time spent in this place.
 B = Non-inter-level travel time spent in this place.
 C = Inter-level travel time spent in this place.
 D = Time resting spent in this place.
 E = Time spent auto-exploring this place.
 F = Levels seen in this place.
 G = Mean time per level.
                   A        B        C        D        E       F      G
               +--------+--------+--------+--------+--------+-----+--------+
         Total |    480 |    480 |      0 |      2 |    367 |   2 |  240.0 |
       Dungeon |    386 |    386 |      0 |      2 |    287 |   1 |  386.0 |
         Abyss |     94 |     94 |      0 |      0 |     80 |   1 |   94.0 |
               +--------+--------+--------+--------+--------+-----+--------+

Top non-repeatable levels by time:
     D:1: 386 daAuts
 Abyss:1: 94 daAuts
